 Dungeon Crawl Stone Soup version 0.29-a0-451-gfbfa42419e (webtiles) character file.

Game seed: 12212514636783541291

333 bande the Shield-Bearer (level 6, 0/38 HPs)
             Began as a Gargoyle Fighter on May 19, 2022.
             Slain by a river rat (7 damage)
             ... in a sewer.
             The game lasted 00:05:41 (3919 turns).

bande the Shield-Bearer (Gargoyle Fighter)          Turns: 3919, Time: 00:05:42

Health: 0/38       AC:  4    Str: 19    XL:     6   Next: 52%
Magic:  6/6        EV: 11    Int:  9    God:
Gold:   1163       SH:  7    Dex: 11    Spells: 4/5 levels left

rFire   . . .      SeeInvis .   a - +1 war axe
rCold   . . .      Faith    .   h - +3 buckler
rNeg    + . .      Spirit   .   (no body armour)
rPois   ∞          Reflect  .   (no helmet)
rElec   +          Harm     .   (no cloak)
rCorr   .          Rampage  .   (no gloves)
Will    .....                   (no boots)
Stlth   +.........              (no amulet)
HPRegen 0.12/turn               (no ring)
MPRegen 0.10/turn               (no ring)

@: very slow
A: sickness immunity, AC +4, negative energy resistance 1, electricity
resistance, torment resistance 1, petrification resistance
a: no special abilities


You were in a sewer.
You visited 1 branch of the dungeon, and saw 5 of its levels.
You also visited: Sewer.

You collected 1163 gold pieces.

Inventory:

Hand Weapons
 a - a +1 war axe (weapon)
 b - a +0 flail
Armour
 h - a +3 buckler (worn)
 j - a +0 plate armour
Wands
 n - a wand of mindburst (15)
Scrolls
 c - 2 scrolls of enchant weapon
 i - a scroll of identify
 k - a scroll of fog
 l - a scroll of immolation {unknown}
 p - 2 scrolls of teleportation
Potions
 d - 2 potions of might
 e - a potion of invisibility
 f - 2 potions of heal wounds
 g - a potion of curing
 m - 3 potions of brilliance
 o - 2 potions of cancellation {unknown}
 q - 2 potions of haste {unknown}


   Skills:
 + Level 4.2 Fighting
 + Level 4.0 Axes
 + Level 4.0 Armour
 - Level 0.2 Dodging
 + Level 4.2 Shields
 * Level 2.1 Translocations


You had 4 spell levels left.
You knew the following spells:

 Your Spells              Type           Power      Damage    Failure   Level
a - Apportation           Tloc           6%         N/A       22%         1

Your spell library contained the following spells:

 Spells                   Type           Power      Damage    Failure   Level
 Necrotize                Necr           0%         1d4       45%         1
 Sandblast                Erth           0%         2d4       45%         1
 Summon Small Mammal      Summ           0%         N/A       45%         1
 Gell's Gravitas          Tloc           3%         N/A       54%         3
 Lesser Beckoning         Tloc           3%         N/A       54%         3
 Teleport Other           Tloc           3%         N/A       54%         3
 Passwall                 Tmut/Erth      0%         N/A       61%         2
 Stone Arrow              Conj/Erth      0%         3d7       83%         3


Dungeon Overview and Level Annotations

Branches:
Dungeon (5/15)              Sewer (1/1)
 Temple: D:4-7

Altars:
Kikubaaqudgha
The Shining One

Shops:
D:5 *


Innate Abilities, Weirdness & Mutations

You are immune to sickness and miasma.
Your stone body is resilient. (AC +4)
You are immune to poison.
You resist negative energy. (rN+)
You are resistant to electric shocks. (rElec)
You are resistant to unholy torment.
You are immune to petrification.


Message History

The rat bites you.
The river rat bites you but does no damage.
The rat completely misses you. You block the ball python's attack.
The ball python constricts you.
Unknown command.
Your unstable footing causes you to fumble your attack.
The rat closely misses you. The river rat barely misses you. The rat bites you.
The ball python bites you. The ball python constricts you.
Unknown command.
Your unstable footing causes you to fumble your attack.
You block the ball python's attack. The ball python constricts you.
The rat bites you but does no damage. The river rat bites you.
The rat closely misses you.
The ball python bites you but does no damage.
The ball python constricts you. The rat barely misses you.
The rat bites you but does no damage. The river rat bites you.
You hit the river rat but do no damage.
The river rat is almost dead.
You slash the ball python!
You kill the ball python!
You hit the rat.
You kill the rat!
You hit the rat but do no damage. The river rat bites you.
The rat barely misses you.
You closely miss the river rat.
The river rat is almost dead.
You hit the rat.
You kill the rat!
You closely miss the rat. You block the river rat's attack. The rat misses you.
Unknown command.
The rat attacks as you move away! The rat bites you but does no damage.
You block the river rat's attack. The rat bites you.
* * * LOW HITPOINT WARNING * * *
The river rat bites you.
* * * LOW HITPOINT WARNING * * *
The river rat attacks as you move away! The river rat bites you.
* * * LOW HITPOINT WARNING * * *
The rat attacks as you move away! The rat closely misses you.
The river rat bites you!
You die...

##.≈≈≈≈≈≈≈.....##
...#....≈≈≈≈≈.....#
#......≈≈≈≈......##
#.......≈≈≈......##
#.....≈≈≈≈.......##
#.....≈≈≈≈........##
#.....≈≈≈.......#..#
##......≈≈......###.#
#.....†rrr@.....###∩#
...##.††≈≈≈≈.....####
##..≈≈≈≈..†††##
#..≈≈≈≈≈.....#
#.≈≈≈≈≈≈≈.....##
...≈≈≈≈≈≈≈......#
.....≈≈≈≈≈.......#
....≈≈≈≈≈≈.≈.....#
≈≈≈≈≈≈≈≈.....##


You could see a river rat and 2 rats.

Vanquished Creatures
  Grinder (D:3)
  4 adders
  2 river rats (Sewer)
  4 worms
  A dart slug (D:2)
  3 orcs
  7 ball pythons
  An endoplasm (D:1)
  4 giant cockroaches
  7 goblins
  8 hobgoblins
  5 jackals
  A quokka (D:3)
  2 bats
  7 frilled lizards
  14 kobolds
  14 rats
85 creatures vanquished.

Vanquished Creatures (others)
  2 plants (D:4)
2 creatures vanquished.

Grand Total: 87 creatures vanquished

Notes
Turn   | Place    | Note
-------+----------+-------------------------------------------
     0 | D:1      | bande the Gargoyle Fighter began the quest for the Orb.
     0 | D:1      | Reached XP level 1. HP: 14/14 MP: 1/1
   106 | D:1      | Reached XP level 2. HP: 18/19 MP: 2/2
   120 | D:1      | Learned a level 1 spell: Apportation
   718 | D:2      | Reached XP level 3. HP: 24/24 MP: 3/3
   868 | D:2      | Identified a scroll of acquirement
   868 | D:2      | Acquired 984 gold pieces
  1171 | D:2      | Reached XP level 4. HP: 29/29 MP: 4/4
  1185 | D:2      | Found a faded altar of an unknown god.
  1704 | D:3      | Reached skill level 1 in Translocations
  1849 | D:3      | Noticed Grinder
  1862 | D:3      | Paralysed by Grinder for 3 turns
  1879 | D:3      | Killed Grinder
  1880 | D:3      | Reached XP level 5. HP: 8/33 MP: 5/5
  1880 | D:3      | Reached XP level 6. HP: 9/38 MP: 6/6
  2436 | D:3      | Found a glowing golden altar of the Shining One.
  3207 | D:4      | Found an ancient bone altar of Kikubaaqudgha.
  3669 | D:5      | Entered Level 5 of the Dungeon
  3669 | D:5      | Found Vuirph's General Store.
  3689 | D:5      | Found a glowing drain.
  3698 | Sewer    | Entered a sewer
  3919 | Sewer    | Slain by a river rat

Illustrated notes

Levels and vault maps discovered:
D:1:      minmay_arrival_three_doors, layout_basic, minmay_misc_feat_cross,
          chequers_serial_rivers_small_b
D:2:      layout_basic, hellmonk_ecumenical_altar_inner_sanctum
D:3:      layout_loops_corners, mainiacjoe_overflow_24_doors, uniq_grinder
D:4:      layout_loops_ring, nicolae_overflow_hidden_temple,
          serial_bayou_lagoon_b
D:5:      layout_cave_pods, nicolae_sif_muna_condensation, serial_shops,
          nicolae_shop_advertising_works [nicolae_subvault_shop_adworks], shop,
          portal_sewer_entry_d, minmay_misc_feat_five, glass_columns_c
Sewer:    sewer_minmay_treatment

Skill      XL: |  1  2  3  4  5  6 |
---------------+-------------------+-----
Axes           | 2 3 4 |  4.0
Translocations | 1 2 |  2.1
Fighting       | 4 |  4.2
Armour         | 4 |  4.0
Shields        | 4 |  4.2
Dodging        | |  0.2

Action                   |  1- 3 |  4- 6 || total
-------------------------+-------+-------++-------
Melee: War axe           |   111 |   117 ||   228
  Use: Scroll            |    12 |     3 ||    15
       Potion            |       |     1 ||     1
Armor: Scale mail        |    72 |     1 ||    73
       Skin              |       |    41 ||    41
Dodge: Dodged            |    51 |    60 ||   111
Block: Buckler           |    45 |    51 ||    96

Table legend: (Time is in decaauts)
 A = Elapsed time spent in this place.
 B = Non-inter-level travel time spent in this place.
 C = Inter-level travel time spent in this place.
 D = Time resting spent in this place.
 E = Time spent auto-exploring this place.
 F = Levels seen in this place.
 G = Mean time per level.
                   A        B        C        D        E       F      G
               +--------+--------+--------+--------+--------+-----+--------+
         Total |   4035 |   3893 |    142 |    334 |   2827 |   6 |  672.5 |
       Dungeon |   3801 |   3659 |    142 |    334 |   2671 |   5 |  760.2 |
         Sewer |    234 |    234 |      0 |      0 |    156 |   1 |  234.0 |
               +--------+--------+--------+--------+--------+-----+--------+

Top non-repeatable levels by time:
     D:3: 1463 daAuts
     D:4: 821 daAuts
     D:2: 752 daAuts
     D:1: 729 daAuts
   Sewer: 234 daAuts
     D:5: 35 daAuts
